 Dungeon Crawl Stone Soup version 0.20-a0-517-g5f97612 (webtiles) character file.

93 kae the Covered (level 4, 0/37 HPs)
             Began as a Barachian Fighter on Jan 24, 2017.
             Slain by an orc wizard
             ... wielding a +0 dagger of protection
              (2 damage)
             ... on level 3 of the Dungeon.
             The game lasted 00:02:11 (1794 turns).

kae the Covered (Barachian Fighter)                 Turns: 1794, Time: 00:02:12

Health: 0/37       AC:  8    Str: 15    XL:     4   Next: 61%
Magic:  4/4        EV:  6    Int:  6    God:
Gold:   77         SH:  8    Dex:  7    Spells: 3/3 levels left

rFire    . . .     SeeInvis .   a - +0 long sword
rCold    . . .     Gourm    .   b - +0 scale mail
rNeg     . . .     Faith    .   c - +0 shield
rPois    .         Spirit   .   o - +0 helmet of Shielding {+Fly MR+ Dex-3}
rElec    .         Reflect  .   (no cloak)
rCorr    .         Harm     .   (no gloves)
MR       +....                  (no boots)
Stlth    ..........             (no amulet)
Regen    0.2/turn               (no ring)
                                (no ring)

@: slow
A: swims, slowness 1, strong legs 1
a: Hop, Evoke Flight


You were on level 3 of the Dungeon.
You were near starving.

You visited 1 branch of the dungeon, and saw 3 of its levels.

You collected 77 gold pieces.

Inventory:

Hand Weapons
 a - a +0 long sword (weapon)
Armour
 b - a +0 scale mail (worn)
 c - a +0 shield (worn)
 o - the +0 helmet of Shielding (worn) {+Fly MR+ Dex-3}
   (You took it off Robin on level 2 of the Dungeon)

   It affects your dexterity (-3).
   It affects your resistance to hostile enchantments.
   It lets you fly.
Wands
 n - a wand of random effects (18/48)
Scrolls
 e - a scroll of amnesia
 i - a scroll of teleportation
 j - a scroll of remove curse
Potions
 d - 2 potions of might
 g - a potion of curing {unknown}
 k - a potion of ambrosia {unknown}
 l - a potion of degeneration {unknown}
 q - a potion of haste {unknown}
Comestibles
 f - 2 bread rations
 h - a meat ration


   Skills:
 + Level 3.8 Fighting
 * Level 4.0 Long Blades
 + Level 4.1 Armour
 - Level 3.0 Shields


You had 3 spell levels left.
You didn't know any spells.

Dungeon Overview and Level Annotations

Branches:
Dungeon (3/15)

Altars:
Xom


Innate Abilities, Weirdness & Mutations

You can swim through water.
You cover ground slowly.
You can hop short distances.


Message History

Something tries to affect you, but you resist.
Your shield and scale mail prevent you from hitting something.
Something hits you.
* * * LOW HITPOINT WARNING * * *
You miss something. Something hits you but does no damage.
You closely miss something. Something hits you but does no damage.
Your shield and scale mail prevent you from hitting something.
Something hits you but does no damage. x2
You miss something. Something hits you.
* * * LOW HITPOINT WARNING * * *
You closely miss something. Something hits you but does no damage.
You barely miss something. Something hits you but does no damage.
You hit something but do no damage. Something hits you but does no damage.
You closely miss something. Something hits you but does no damage.
You hear some strange, mumbled words.
A puff of flame appears from out of thin air!
The puff of flame hits you!
* * * LOW HITPOINT WARNING * * *
You closely miss something. Something hits you.
You die...

+# ####.# ..#.#
#.#.#
#.###.#.#.#
#.........#
#####.#.#### .
#@#.#..
#.#†{...#
#####.#.#.#####
.........>.....
#.#.###
#)#'#######
#.........#
#.........#
+.........#


There were no monsters in sight!

Vanquished Creatures
  Robin (D:2)
  An adder (D:3)
  2 oozes
  A worm (D:2)
  A dart slug (D:1)
  A leopard gecko (D:1)
  3 orcs
  6 bats
  3 giant cockroaches
  16 goblins
  7 hobgoblins
  A jackal (D:1)
  3 kobolds
  A ball python (D:2)
  A frilled lizard (D:1)
  3 rats (D:1)
51 creatures vanquished.

Notes
Turn   | Place    | Note
-------+----------+-------------------------------------------
     0 | D:1      | kae the Barachian Fighter began the quest for the Orb.
     0 | D:1      | Reached XP level 1. HP: 18/18 MP: 1/1
    44 | D:1      | Reached XP level 2. HP: 24/24 MP: 2/2
   389 | D:1      | Found a shimmering altar of Xom.
   440 | D:1      | Reached XP level 3. HP: 29/29 MP: 3/3
   692 | D:2      | Noticed Robin
   972 | D:2      | Killed Robin
   983 | D:2      | Reached XP level 4. HP: 17/36 MP: 4/4
   986 | D:2      | Got a distressingly furry helmet
  1141 | D:2      | Identified the cursed +0 helmet of Shielding {+Fly MR+ Dex-3} (You took it off Robin on level 2 of the Dungeon)
  1794 | D:3      | Slain by an orc wizard

Vault maps used:
D:1:      saegor_arrival_miasma, hangedman_decor_points, xom_teletrap_fun
D:2:      uniq_robin
D:3:      first_bread, portal_sewer_entry_f, trog_wizard

Skill      XL: |  1  2  3  4 |
---------------+-------------+-----
Long Blades    | 3 4 |  4.0
Armour         | 4 |  4.1
Fighting       | |  3.8
Shields        | |  3.0

Action                   |  1- 3 |  4- 6 || total
-------------------------+-------+-------++-------
Melee: Long sword        |   125 |    92 ||   217
 Abil: Hop               |       |     2 ||     2
  Use: Potion            |     1 |     1 ||     2
       Scroll            |       |     5 ||     5
 Stab: Invisible         |       |     1 ||     1
  Eat: Chunk             |     1 |     1 ||     2
Armor: Scale mail        |    54 |    72 ||   126
Dodge: Dodged            |    36 |    26 ||    62
Block: Shield            |    65 |    42 ||   107
       Rpst.: Long sword |     9 |     7 ||    16
